 Dungeon Crawl Stone Soup version 0.27-a0-223-ge082b6e869 (webtiles) character file.

Game seed: 6590618246254631723

6644 sahdkjhfkaj the Geomancer (level 10, 0/75 HPs)
             Began as a Deep Dwarf Necromancer on Feb 1, 2021.
             Was a Follower of Ru.
             Slain by a wraith (10 damage)
             ... led by Josephine
             ... on level 9 of the Dungeon.
             The game lasted 00:31:33 (14924 turns).

sahdkjhfkaj the Geomancer (Deep Dwarf Necromancer) Turns: 14924, Time: 00:31:34

Health: 0/75       AC:  6    Str: 12    XL:     10   Next: 72%
Magic:  16/16      EV: 12    Int: 25    God:    Ru [*.....]
Gold:   723        SH:  0    Dex: 13    Spells: 10/19 levels left

rFire    . . .     SeeInvis .   b - +2 dagger (holy)
rCold    . . .     Faith    .   (no shield)
rNeg     . . .     Spirit   .   y - +1 animal skin
rPois    .         Reflect  .   p - +0 helmet
rElec    .         Harm     .   j - +0 cloak
rCorr    .         Rampage  .   F - +0 pair of gloves
Will     ++...                  (no boots)
Stlth    ++........             (no amulet)
HPRegen  0.00/turn              e - +6 ring of intelligence
MPRegen  0.15/turn              A - ring of willpower

@: no potions, non-regenerating, slowed, very slow
A: damage resistance, heal wounds, sense surroundings 2, inability to drink
while threatened, no regeneration
a: Heal Wounds, Renounce Religion


You were on level 9 of the Dungeon.
You worshipped Ru.
Ru was aware of your devotion.
You visited 2 branches of the dungeon, and saw 11 of its levels.
You also visited: Bailey.

You collected 723 gold pieces.

Inventory:

Hand Weapons
 a - a +1 vampiric spear {!w}
   (You took it off Grum on level 5 of the Dungeon)
 b - a +2 dagger of holy wrath (weapon)
   (You took it off Jessica on level 3 of the Dungeon)
Missiles
 i - 6 throwing nets {!f}
Armour
 j - a +0 cloak (worn)
   (You found it on level 3 of the Dungeon)
 p - a +0 helmet (worn)
   (You found it on level 4 of the Dungeon)
 y - a +1 animal skin (worn)
   (You took it off Grum on level 5 of the Dungeon)
 F - a +0 pair of gloves (worn)
   (You found it on level 8 of the Dungeon)
Jewellery
 e - a +6 ring of intelligence (left hand)
   (You found it on level 6 of the Dungeon)
 h - a +4 ring of evasion
   (You found it on level 2 of the Dungeon)
 A - a ring of willpower (right hand)
   (You took it off an orc on level 6 of the Dungeon)
Wands
 k - a wand of charming (4)
   (You found it on level 5 of the Dungeon)
 q - a wand of mindburst (4)
   (You found it on level 4 of the Dungeon)
 t - a wand of flame (10)
   (You found it on level 9 of the Dungeon)
 u - a wand of paralysis (6)
   (You found it on level 8 of the Dungeon)
 v - a wand of digging (8)
   (You took it off Grum on level 5 of the Dungeon)
Scrolls
 c - a scroll of fog
 d - 2 scrolls of enchant armour
 f - 2 scrolls of magic mapping
 g - 2 scrolls of fear
 m - 6 scrolls of remove curse {@r2}
 s - 2 scrolls of amnesia
 x - a scroll of teleportation {@r4}
 z - 3 scrolls of blinking
 C - 3 scrolls of enchant weapon
 D - a scroll of immolation {!r}
 I - a scroll of identify {@r1}
Potions
 l - a potion of haste {@q3}
 n - 2 potions of flight {unknown}
 o - 3 potions of lignification {unknown}
 r - 2 potions of attraction {!q}
 w - a potion of degeneration {unknown}
 B - 2 potions of brilliance {unknown}
 E - a potion of ambrosia {unknown}
 G - a potion of curing {@q1}
 H - a potion of might {unknown}


   Skills:
 - Level 2.1 Dodging
 - Level 2.4 Stealth
 - Level 5.0 Spellcasting
 - Level 12.0 Necromancy
 + Level 13.6 Earth Magic
 - Level 4.0 Evocations


You had 10 spell levels left.
You knew the following spells:

 Your Spells              Type           Power        Failure   Level
a - Pain                  Necr           100%         1%          1
c - Vampiric Draining     Necr           30%          1%          3
e - Agony                 Necr           60%          1%          5

Your spell library contained the following spells:

 Spells                   Type           Power        Failure   Level
 Animate Skeleton         Necr           100%         1%          1
 Animate Dead             Necr           30%          1%          4
 Leda's Liquefaction      Hex/Erth       20%          4%          4
 Beastly Appendage        Tmut           12%          9%          1
 Corona                   Hex            6%           9%          1
 Slow                     Hex            6%           12%         2
 Wereblood                Tmut           6%           12%         2
 Inner Flame              Hex/Fire       6%           24%         3
 Portal Projectile        Hex/Tloc       12%          24%         3
 Spider Form              Tmut/Pois      3%           24%         3
 Cause Fear               Hex            3%           63%         4
 Ice Form                 Ice/Tmut       6%           63%         4
 Blade Hands              Tmut           3%           92%         5


Dungeon Overview and Level Annotations

Branches:
Dungeon (10/15)            Temple (1/1) D:7             Orc (0/2) D:9
 Bailey (visited)
   Lair: D:8-11

Altars:
Ashenzari
Cheibriados
Dithmenos
Elyvilon
Fedhas
Gozag
Hepliaklqana
Kikubaaqudgha
Makhleb
Nemelex Xobeh
Okawaru
Qazlal
Ru
Sif Muna
Trog
Uskayaw
Vehumet
Wu Jian
Xom
Yredelemnul
Zin
The Shining One
Beogh

Annotations:
D:5 3 runed translucent doors, NickelLess's ghost, novice DECj
D:10 Josephine


Innate Abilities, Weirdness & Mutations

You are resistant to damage.
You can heal yourself by infusing magical energy.
You passively map the area around you.
You cannot drink potions while threatened.
You do not regenerate.


Message History

You hit the wraith but do no damage. The wraith hits you.
* * * LOW HITPOINT WARNING * * *
The wraith hits you.
* * * LOW HITPOINT WARNING * * *
The wraith drains your vigour!
You feel as though you will be slow longer.
You closely miss the wraith. The wraith closely misses you.
Unknown command.
You barely miss the wraith. The wraith hits you!
* * * LOW HITPOINT WARNING * * *
The wraith drains your vigour!
You feel as though you will be slow longer.
The wraith hits you!
* * * LOW HITPOINT WARNING * * *
The wraith drains your vigour!
You feel as though you will be slow longer.
You hit the wraith but do no damage. The wraith hits you.
* * * LOW HITPOINT WARNING * * *
Unknown command.
You feel much better.
You can drink potions again.
The wraith closely misses you. The wraith barely misses you.
You closely miss the wraith. The wraith barely misses you.
You hit the wraith but do no damage. The wraith closely misses you.
The wraith hits you.
* * * LOW HITPOINT WARNING * * *
The wraith drains your vigour!
You feel as though you will be slow longer.
You closely miss the wraith. The wraith closely misses you.
You hit the wraith but do no damage. The wraith barely misses you.
The wraith hits you but does no damage.
Unknown command.
You hit the wraith but do no damage. The wraith hits you!
You feel threatened and lose the ability to drink potions!
* * * LOW HITPOINT WARNING * * *
The wraith drains your vigour!
You feel as though you will be slow longer.
You hit the wraith but do no damage. The wraith hits you.
* * * LOW HITPOINT WARNING * * *
The wraith closely misses you.
You hit the wraith but do no damage.
You can drink potions again.
The wraith hits you!
* * * LOW HITPOINT WARNING * * *
You barely miss the wraith. The wraith hits you but does no damage.
The wraith hits you.
Unknown command.
You barely miss the wraith. The wraith hits you!
You feel threatened and lose the ability to drink potions!
You die...

#.##.##........#.#.
#.##.##........#...
#....##............
#..####........##..
#..####.##.........
###........###.##.#.#
##########......####.#..#.....
#....[..##.##W#.#####.#...(..#
####.#####.##.##@#.##...####..###
..##.#####.##.##...............##
........##.##.####.##...)###.#.>#
#.##.##.....#......###.......####
#.##........######## ###.#####
#.#########.## #...# ..# #..#
#...# # ### ##.# #...#######
######### #.# #......)...


You could see a wraith.

Vanquished Creatures
  Harold (D:8)
  A troll (D:8)
  Sigmund (D:3)
  3 yaks
  Grum (D:5)
  Eustachio (D:6)
  2 orc warriors
  2 ogres
  3 black bears
  5 ice beasts
  A necrophage (D:8)
  2 wolves
  4 centaurs
  2 phantoms
  2 big kobolds
  4 bullfrogs
  2 gnoll sergeants (D:5)
  A wyvern skeleton (D:8)
  A scorpion (D:6)
  4 killer bees
  A howler monkey (D:8)
  A centaur zombie (D:9)
  2 quasits
  5 orc priests
  3 gnoll shamans
  4 jellies
  3 bullfrog skeletons
  11 hounds
  Jessica (D:3)
  Natasha (thrice) (D:3)
  3 iguanas
  6 worker ants
  6 orc wizards
  A hound zombie (D:8)
  13 gnolls
  10 adders
  2 shadow imps
  3 white imps
  An ufetubus (D:6)
  An ooze (D:6)
  A worm (D:5)
  2 adder skeletons
  A dart slug (D:3)
  5 leopard geckos
  15 orcs
  5 bats
  5 giant cockroaches
  5 hobgoblins
  19 jackals
  2 quokkas
  2 ball pythons
  8 frilled lizards
  16 goblins
  18 kobolds
  2 quokka skeletons
  6 rats
235 creatures vanquished.

Vanquished Creatures (collateral kills)
  A killer bee (D:7)
1 creature vanquished.

Vanquished Creatures (others)
  Erica (D:9)
  3 killer bees (D:7)
4 creatures vanquished.

Grand Total: 240 creatures vanquished

Notes
Turn   | Place    | Note
-------+----------+-------------------------------------------
     0 | D:1      | sahdkjhfkaj the Deep Dwarf Necromancer began the quest for
                  | the Orb.
     0 | D:1      | Reached XP level 1. HP: 15/15 MP: 3/3
   349 | D:1      | Reached XP level 2. HP: 22/22 MP: 0/4
   417 | D:1      | Reached skill level 5 in Necromancy
  1396 | D:2      | Reached XP level 3. HP: 28/28 MP: 2/5
  1400 | D:2      | Learned a level 3 spell: Vampiric Draining
  2041 | D:2      | Found a hide-covered altar of Uskayaw.
  2059 | D:2      | Reached XP level 4. HP: 36/36 MP: 1/7
  2830 | D:3      | Found a shadowy altar of Dithmenos.
  3102 | D:3      | Reached XP level 5. HP: 37/42 MP: 3/8
  3317 | D:3      | Found a blossoming altar of Fedhas.
  3324 | D:3      | Noticed Natasha
  3332 | D:3      | Killed Natasha
  3446 | D:3      | Noticed Natasha
  3451 | D:3      | Killed Natasha
  3527 | D:3      | Noticed Jessica
  3534 | D:3      | Killed Jessica
  3535 | D:3      | Reached skill level 1 in Earth Magic
  3582 | D:3      | Noticed Natasha
  3756 | D:3      | Killed Natasha
  3757 | D:3      | Reached skill level 2 in Earth Magic
  3757 | D:3      | Reached XP level 6. HP: 49/49 MP: 0/10
  3932 | D:3      | Reached skill level 3 in Earth Magic
  4063 | D:3      | Noticed Sigmund
  4086 | D:3      | HP: 1/49 [something (5)]
  4109 | D:3      | Killed Sigmund
  4110 | D:3      | Reached skill level 5 in Earth Magic
  4323 | D:3      | Found an iron altar of Okawaru.
  4953 | D:4      | Reached skill level 6 in Earth Magic
  4953 | D:4      | Reached XP level 7. HP: 25/55 MP: 0/11
  5688 | D:5      | Entered Level 5 of the Dungeon
  5776 | D:5      | Reached skill level 7 in Earth Magic
  5941 | D:5      | Found a runed translucent gate.
  6098 | D:5      | Found a runed translucent gate.
  6099 | D:5      | Found a runed translucent gate.
  6099 | D:5      | Identified the cursed +1 spear "Futug" {speed, rElec rPois
                  | Int+4}
  6099 | D:5      | Identified the +4 leather armour of the Frog {Harm Rampage
                  | rElec Will-}
  6101 | D:5      | Noticed NickelLess's ghost (novice DECj)
  6267 | D:4      | Reached skill level 8 in Earth Magic
  6371 | D:4      | Reached skill level 9 in Earth Magic
  6472 | D:5      | Reached XP level 8. HP: 40/62 MP: 1/12
  6606 | D:5      | Found a snail-covered altar of Cheibriados.
  6860 | D:5      | Got a scorched chain mail
  6871 | D:5      | Identified the cursed +0 chain mail of Submission {rF+
                  | Int+6 Dex-3} (You found it on level 5 of the Dungeon)
  7084 | D:5      | Got a smoking silver ring
  7960 | D:5      | Noticed Grum
  7973 | D:5      | Killed Grum
  8016 | D:4      | Reached skill level 10 in Earth Magic
  8322 | D:4      | Gained mutation: You passively map the area around you.
                  | [Deep Dwarf growth]
  8322 | D:4      | Reached XP level 9. HP: 57/68 MP: 7/14
  8596 | D:5      | Found a roughly hewn altar of Beogh.
  8642 | D:6      | Identified the ring "Hira Uru" {Ice rElec Will+} (You found
                  | it on level 5 of the Dungeon)
  8794 | D:6      | Reached skill level 10 in Necromancy
  8853 | D:6      | Noticed Eustachio
  8861 | D:6      | Killed Eustachio
  9329 | D:6      | Found a radiant altar of Vehumet.
  9475 | D:6      | Found a shimmering blue altar of Sif Muna.
  9521 | D:6      | Reached skill level 5 in Spellcasting
  9599 | D:7      | Found a flagged portal.
  9614 | Bailey   | Entered a bailey
  9704 | D:7      | Found a staircase to the Ecumenical Temple.
  9929 | Temple   | Entered the Ecumenical Temple
 10059 | Temple   | Became a worshipper of Ru the Awakened
 10097 | D:7      | Reached skill level 11 in Earth Magic
 10638 | D:7      | Reached skill level 12 in Earth Magic
 10638 | D:7      | Reached skill level 1 in Evocations
 11818 | D:8      | Noticed a troll
 12030 | D:8      | Reached XP level 10. HP: 75/75 MP: 4/16
 12038 | D:8      | Noticed Harold
 12100 | D:8      | Killed Harold
 12592 | D:8      | Learned a level 5 spell: Agony
 12776 | D:9      | Found a broken altar of Ashenzari.
 12795 | D:9      | Gained mutation: You cannot drink potions while threatened.
                  | [Ru sacrifice]
 12795 | D:9      | Reached * piety under Ru
 13078 | D:9      | Noticed Erica
 13149 | D:9      | Killed Erica
 13617 | D:9      | Found a staircase to the Orcish Mines.
 13855 | D:10     | Entered Level 10 of the Dungeon
 14144 | D:10     | Reached skill level 13 in Earth Magic
 14776 | D:10     | Noticed Josephine
 14792 | D:10     | Noticed a two-headed ogre
 14914 | D:9      | HP: 3/75 [wraith[Josephine] (5)]
 14924 | D:9      | Slain by a wraith

Illustrated notes

Levels and vault maps discovered:
D:1:      sevenhm_arrival_forest_fort_small_3, layout_basic
D:2:      layout_loops_corners, lemuel_crystal_altar
D:3:      layout_loops_cross, fedhas_altar_1, lemuel_coloured_pillars_altar,
          nicolae_overflow_crystal_walls, serial_forest,
          infiniplex_forest_clump_medium, infiniplex_forest_join,
          infiniplex_forest_lined_room_2, infiniplex_forest_lined_room_2,
          infiniplex_forest_side_room, infiniplex_forest_clump_medium,
          uniq_natasha, uniq_sigmund, uniq_jessica
D:4:      layout_loops_cross, kennysheep_generic_room_14
D:5:      layout_cave_pools, old_standard_altar, biasface_ghost_orc_armoury,
          serial_gnoll_camp, gnoll_camp_mini_basic, gnoll_camp_mini_house,
          grums_kennel, gnoll_camp_mini_hut, gnoll_camp_mini_hut
D:6:      layout_rooms, lemuel_blue_sif_altar, lemuel_crystal_altar,
          uniq_eustachio
D:7:      layout_basic, minmay_temple_entry_hall, enter_bailey_5,
          chequers_serial_rivers_marsh
D:8:      cheibrodos_barr_body, layout_basic, kennysheep_generic_room_12,
          uniq_harold
D:9:      layout_loops_cross, overflow_temple_1_default, orc_0_dummy, uniq_erica
D:10:     layout_long_grid, lair_entry_dummy, uniq_josephine
Temple:   eino_temple_lava

Skill      XL: |  1  2  3  4  5  6  7  8  9 10 |
---------------+-------------------------------+-----
Necromancy     | 5 6 7 9 10 12 | 12.0
Spellcasting   | 2 3 4 5 |  5.0
Earth Magic    | 2 6 9 10 12 13 | 13.6
Evocations     | 4 |  4.0
Dodging        | |  2.1
Stealth        | |  2.4

Action                   |  1- 3 |  4- 6 |  7- 9 | 10-12 || total
-------------------------+-------+-------+-------+-------++-------
Melee: Unarmed           |       |    17 |       |       ||    17
       Dagger            |       |       |   147 |   111 ||   258
       Spear             |       |       |   134 |    74 ||   208
 Cast: Pain              |    75 |    63 |    75 |    39 ||   252
       Vampiric Draining |       |    30 |   152 |    54 ||   236
       Agony             |       |       |       |     1 ||     1
Invok: Sacrifice Drink   |       |       |       |     1 ||     1
 Abil: Heal Wounds       |       |     1 |     5 |     7 ||    13
Evoke: Wand              |       |       |     3 |     5 ||     8
  Use: Potion            |     3 |     4 |       |       ||     7
       Scroll            |       |       |    10 |     4 ||    14
 Stab: Distracted        |       |       |     1 |       ||     1
       Sleeping          |       |       |     1 |       ||     1
Armor: Robe              |     8 |     7 |    38 |       ||    53
       Animal skin       |       |       |    51 |    74 ||   125
Dodge: Dodged            |    18 |    56 |   424 |   157 ||   655

Table legend: (Time is in decaauts)
 A = Elapsed time spent in this place.
 B = Non-inter-level travel time spent in this place.
 C = Inter-level travel time spent in this place.
 D = Time resting spent in this place.
 E = Time spent auto-exploring this place.
 F = Levels seen in this place.
 G = Mean time per level.
                   A        B        C        D        E       F      G
               +--------+--------+--------+--------+--------+-----+--------+
         Total |  14940 |  14534 |    406 |   1362 |  10242 |  12 | 1245.0 |
       Dungeon |  14757 |  14371 |    386 |   1362 |  10090 |  10 | 1475.7 |
        Temple |    138 |    119 |     19 |      0 |    117 |   1 |  138.0 |
        Bailey |     43 |     43 |      0 |      0 |     35 |   1 |   43.0 |
               +--------+--------+--------+--------+--------+-----+--------+

Top non-repeatable levels by time:
     D:5: 2015 daAuts
     D:4: 1889 daAuts
     D:2: 1759 daAuts
     D:3: 1658 daAuts
     D:8: 1579 daAuts
     D:9: 1537 daAuts
     D:7: 1375 daAuts
     D:1: 1288 daAuts
     D:6: 999 daAuts
    D:10: 655 daAuts
  Temple: 138 daAuts
  Bailey: 43 daAuts
